 Dungeon Crawl Stone Soup version 0.24.0 (webtiles) character file.

Game seed: 16939225681218451891, levelgen mode: deterministic

77 CloudKeeper the Covered (level 4, -6/40 HPs)
             Began as a Minotaur Fighter on Mar 15, 2020.
             Mangled by a kobold
             ... wielding a +1 dagger of distortion
              (22 damage)
             ... on level 2 of the Dungeon.
             The game lasted 00:07:21 (1334 turns).

CloudKeeper the Covered (Minotaur Fighter)          Turns: 1334, Time: 00:07:21

Health: -6/40      AC:  7    Str: 20    XL:     4   Next: 13%
Magic:  3/3        EV:  7    Int:  7    God:
Gold:   107        SH: 10    Dex: 11    Spells: 3/3 levels left

rFire    . . .     SeeInvis .   a - +0 war axe
rCold    + . .     Gourm    .   c - +1 shield
rNeg     + . .     Faith    .   b - +0 scale mail
rPois    .         Spirit   .   (helmet unavailable)
rElec    .         Reflect  .   (no cloak)
rCorr    .         Harm     +   (no gloves)
MR       .....                  (no boots)
Stlth    ..........             e - amulet of harm
HPRegen  0.13/turn              k - ring of positive energy
MPRegen  0.08/turn              (no ring)

@: no status effects
A: retaliatory headbutt, horns 3, blurry vision 1, clever 1, cold resistance 1
a: no special abilities


You were on level 2 of the Dungeon.
You were not hungry.

You visited 1 branch of the dungeon, and saw 2 of its levels.

You collected 107 gold pieces.

Inventory:

Hand Weapons
 a - a +0 war axe (weapon)
 i - a +0 spear
Armour
 b - a +0 scale mail (worn)
 c - a +1 shield (worn)
Jewellery
 e - an amulet of harm (around neck)
 k - a ring of positive energy (left hand)
Scrolls
 h - a scroll of remove curse
 n - 3 scrolls of teleportation {unknown}
Potions
 d - a potion of might
 g - a potion of invisibility {unknown}
 j - a potion of flight
 m - 3 potions of curing
 o - a potion of ambrosia {unknown}
Comestibles
 f - 6 rations


   Skills:
 + Level 4.1 Fighting
 + Level 2.8 Axes
 + Level 4.6 Armour
 + Level 0.3 Dodging
 + Level 4.5 Shields


You had 3 spell levels left.
You didn't know any spells.
Your spell library was empty.

Dungeon Overview and Level Annotations

Branches:
Dungeon (2/15)

Altars:


Innate Abilities, Weirdness & Mutations

You reflexively headbutt those who attack you in melee.
You have a pair of large horns on your head.
Scrolls take you a little longer to read.
Your mind is acute. (Int +2)
Your flesh is cold resistant. (rC+)


Message History

A rat comes into view.
A kobold comes into view.
It is wielding a +1 dagger of distortion.
The kobold shouts!
The rat closely misses you.
You closely miss the rat. You headbutt the rat.
You kill the rat!
You closely miss the kobold. You block the kobold's attack.
The kobold hits you but does no damage. Space warps horribly around you!
You hit the kobold. Your headbutt misses the kobold.
The kobold is moderately wounded.
The kobold hits you with a +1 dagger of distortion.
Space warps horribly around you!
You completely miss the kobold.
The kobold is moderately wounded.
You block the kobold's attack. x2
You hit the kobold.
The kobold is heavily wounded.
The kobold hits you but does no damage. Space warps horribly around you!!
Ouch! That really hurt!
You die...

#.......# #..#.#
#.#
#.......#.#.##.#
#.#
#.......(.#..#.#
#.# #...........
.# #.#
###'###..##.
#######.# # #.#
..# #.......# #
#.# ...
#.####### # #.#
## #.# ###.###
#@# ......# #K#
..#.#.# #.#
#.#.#.# #.#
#.#.#.# #.#
#.#.#.# #..
#.#.#.# ###
#.#.#.# #.#.#.#


You could see a kobold.

Vanquished Creatures
  Robin (D:2)
  A gnoll (D:1)
  An adder (D:2)
  2 oozes
  A worm (D:2)
  A ball python (D:1)
  2 giant cockroaches
  6 goblins
  5 hobgoblins
  3 quokkas (D:2)
  4 bats (D:1)
  3 frilled lizards
  2 kobolds (D:1)
  5 rats
37 creatures vanquished.

Notes
Turn   | Place    | Note
-------+----------+-------------------------------------------
     0 | D:1      | CloudKeeper the Minotaur Fighter began the quest for the
                  | Orb.
     0 | D:1      | Reached XP level 1. HP: 19/19 MP: 0/0
    42 | D:1      | Gained mutation: You have a pair of large horns on your
                  | head. [potion of mutation]
    42 | D:1      | Gained mutation: Scrolls take you a little longer to read.
                  | [potion of mutation]
    42 | D:1      | Gained mutation: Your flesh is cold resistant. (rC+)
                  | [potion of mutation]
    42 | D:1      | Gained mutation: Your mind is acute. (Int +2) [potion of
                  | mutation]
   195 | D:1      | Reached XP level 2. HP: 27/27 MP: 1/1
   642 | D:2      | Reached XP level 3. HP: 31/33 MP: 2/2
  1024 | D:2      | Noticed Robin
  1031 | D:2      | Killed Robin
  1031 | D:2      | Reached XP level 4. HP: 37/40 MP: 3/3
  1334 | D:2      | Mangled by a kobold

Levels and vault maps discovered:
D:1:      lightli_arrival_lavapool, layout_loops_cross, hex_large
D:2:      layout_basic, first_ration, uniq_crazy_yiuf_cottage, uniq_robin
